AoeStats
← 五岁的单机的回忆

Arena

509612992Analyzed
1v1 RM · 4d ago on Sep 27, 2026· 29m 57s· 2 players
Game mode
Random Map
Map size
Tiny (2 player)
Population
200
Speed
Normal
Resources
Standard
Victory
Conquest
Starting age
Dark Age
Ending age
Imperial Age
RankedLock teamsTeams togetherTeam positionsShared explorationLock speedFull tech treeHidden civsTurbo modeCheats
Victory
Defeat
1347
+17
🇫🇮 Malay · Finland
1377
-17
五岁的单机的回忆
10:20 Feudal Age
15:12 Castle Age
13:00 Loom
15:08 Double-Bit Axe
21:51 Bow Saw
27:31 Imperial Age
27:07 Scale Barding Armor
27:13 Forging
28:09 Bloodlines
27:59 Husbandry
29:56 Chemistry
29:17 Ballistics
KATOHHEI
3:54 Loom
9:24 Feudal Age
9:44 Double-Bit Axe
10:14 Loom
15:15 Castle Age
13:51 Stone Mining
20:04 Gold Mining
22:27 Fletching
23:40 Bodkin Arrow
25:10 Padded Archer Armor
24:58 Crossbowman
27:08 Ballistics
30:01 Leather Archer Armor
Connection lost

Rejoining the realm…

Still unreachable

The connection could not be restored.

Session expired

The server has moved on; the page needs a fresh start.